[Event "VIII Iberoamericano Mexico 2022"]
[Site "Mexico City"]
[Date "2022.02.17"]
[Round "6.45"]
[White "Torres Rivas, Felipe de Jesus"]
[Black "Gutierrez Herrera, Jose Antonio"]
[Result "1-0"]
[ECO "E17"]
[WhiteElo "1845"]
[BlackElo "2059"]
[Annotator "NA"]
[PlyCount "225"]
[EventDate "2022.02.12"]
[EventType "swiss"]
[EventCountry "MEX"]
[SourceTitle "playchess.com"]
[Source "ChessBase"]
[SourceQuality "1"]
[TimeControl "5400+30"]

1. d4 Nf6 2. c4 e6 3. Nf3 d5 4. g3 Be7 5. Bg2 O-O 6. O-O b6 7. cxd5 exd5 8. Nc3 Bb7 9. b3 Nbd7 10. Bb2 c6 11. Rc1 Re8 12. Qc2 Bd6 13. Rfe1 Qe7 14. Nh4 Bb4 15. Nf5 Qf8 16. Ra1 g6 17. Nh4 Ne4 18. a3 Bxc3 19. Bxc3 Nxc3 20. Qxc3 Qg7 21. b4 Nf6 22. Nf3 Ne4 23. Qb3 Qf6 24. e3 Re7 25. Rac1 Ba6 26. Qc2 Bb7 27. Ne5 Qe6 28. Nxc6 Rc7 29. b5 Bxc6 30. bxc6 Rac8 31. Bxe4 dxe4 32. Qa4 Rxc6 33. Rxc6 Qxc6 34. Qxa7 Ra8 35. Qe7 Qc3 36. Rb1 Qd3 37. Qb4 Rxa3 38. Qxb6 Ra6 39. Qb8+ Kg7 40. Qe5+ Kh6 41. Qb5 Qc2 42. Rf1 Rf6 43. Qe5 Rf5 44. Qe7 Kg7 45. h4 h5 46. Qd7 Qd3 47. Qb7 Rf3 48. Qb1 Qxb1 49. Rxb1 Kf6 50. Rb6+ Ke7 51. Rb5 f6 52. Kf1 Ke6 53. Ke2 Ke7 54. Rb7+ Kf8 55. Rc7 Kg8 56. Re7 Rf5 57. Rxe4 Kf7 58. g4 Ra5 59. gxh5 Rxh5 60. Rg4 f5 61. Rf4 Ke6 62. Kf3 Rh8 63. Kg3 Ra8 64. Rf3 Rh8 65. Rf4 Kd5 66. Kf3 Rf8 67. Ke2 Rh8 68. Kd3 Ke6 69. e4 Ra8 70. exf5+ gxf5 71. h5 Ra3+ 72. Kc4 Rh3 73. Kc5 Rxh5 74. Rf3 f4+ 75. Kc4 Rf5 76. Ra3 Kd6 77. Ra6+ Kd7 78. Rh6 f3 79. Kd3 Rf7 80. Ke4 Kc7 81. Rh3 Kd6 82. Rxf3 Re7+ 83. Kd3 Re1 84. Re3 Rf1 85. Ke2 Ra1 86. Re5 Ra3 87. Rb5 Ke6 88. f3 Kd6 89. Kf2 Rd3 90. Rb4 Ke6 91. Kg3 Kf5 92. Rb5+ Ke6 93. Re5+ Kf6 94. Rd5 Ke6 95. Re5+ Kf6 96. Re4 Kf5 97. Kf2 Ra3 98. Ke2 Ra2+ 99. Kd3 Ra3+ 100. Kc4 Rxf3 101. Re1 Ra3 102. d5 Kf6 103. d6 Ra2 104. Kc5 Rc2+ 105. Kb6 Rb2+ 106. Kc7 Rc2+ 107. Kd8 Rd2 108. Kd7 Rh2 109. Kc7 Rc2+ 110. Kd8 Rd2 111. d7 Kf7 112. Rf1+ Kg7 113. Rc1 1-0

[Event "VIII Iberoamericano Mexico 2022"]
[Site "Mexico City"]
[Date "2022.02.17"]
[Round "6.46"]
[White "Trejo Alonso, Rodrigo Alberto"]
[Black "Fernandez Rivero, Karla July"]
[Result "0-1"]
[ECO "A13"]
[WhiteElo "1696"]
[BlackElo "2025"]
[Annotator "NA"]
[PlyCount "52"]
[EventDate "2022.02.12"]
[EventType "swiss"]
[EventCountry "MEX"]
[SourceTitle "playchess.com"]
[Source "ChessBase"]
[SourceQuality "1"]
[TimeControl "5400+30"]

1. Nf3 Nf6 2. g3 e6 3. Bg2 d5 4. O-O Be7 5. c4 dxc4 6. Qa4+ c6 7. Qxc4 b5 8. Qc2 Bb7 9. d3 c5 10. Nc3 a6 11. Bf4 Nc6 12. a3 Rc8 13. Ne5 Nd4 14. Qd1 Bxg2 15. Kxg2 Nd5 16. e4 Nxf4+ 17. gxf4 O-O 18. Kh1 f6 19. Nf3 f5 20. Nxd4 cxd4 21. Ne2 fxe4 22. dxe4 d3 23. Ng3 Rxf4 24. Qd2 Rf8 25. Rac1 Rxc1 26. Rxc1 Bg5 0-1

[Event "VIII Iberoamericano Mexico 2022"]
[Site "Mexico City"]
[Date "2022.02.17"]
[Round "6.47"]
[White "Macias Zamora, Jose Armando"]
[Black "Martin Del Campo C., Jorge"]
[Result "1/2-1/2"]
[ECO "B43"]
[WhiteElo "1488"]
[BlackElo "2019"]
[Annotator "NA"]
[PlyCount "57"]
[EventDate "2022.02.12"]
[EventType "swiss"]
[EventCountry "MEX"]
[SourceTitle "playchess.com"]
[Source "ChessBase"]
[SourceQuality "1"]
[TimeControl "5400+30"]

1. e4 c5 2. Nf3 e6 3. d4 cxd4 4. Nxd4 a6 5. Nc3 Qc7 6. a3 b5 7. Bd3 Nc6 8. Nxc6 dxc6 9. O-O Nf6 10. Qe2 Be7 11. e5 Nd7 12. f4 Nc5 13. Ne4 Nxe4 14. Bxe4 g6 15. Kh1 Bb7 16. Bd2 c5 17. Bxb7 Qxb7 18. Ba5 O-O 19. Rad1 Bd8 20. Bxd8 Rfxd8 21. Rd6 Rxd6 22. exd6 Rd8 23. Rd1 Qc6 24. Qe5 a5 25. c3 b4 26. axb4 axb4 27. cxb4 cxb4 28. h3 h5 29. Qd4 1/2-1/2

[Event "VIII Iberoamericano Mexico 2022"]
[Site "Mexico City"]
[Date "2022.02.17"]
[Round "6.48"]
[White "Garcia de Dios, Jose Antonio"]
[Black "Salazar Moreno, Rafael"]
[Result "1/2-1/2"]
[ECO "D36"]
[WhiteElo "2145"]
[BlackElo "1778"]
[Annotator "NA"]
[PlyCount "79"]
[EventDate "2022.02.12"]
[EventType "swiss"]
[EventCountry "MEX"]
[SourceTitle "playchess.com"]
[Source "ChessBase"]
[SourceQuality "1"]
[TimeControl "5400+30"]

1. d4 d5 2. c4 e6 3. Nc3 Nf6 4. cxd5 exd5 5. Bg5 c6 6. e3 Be7 7. Bd3 Be6 8. Nge2 Nbd7 9. O-O O-O 10. Qc2 Re8 11. Nf4 Nf8 12. Nxe6 fxe6 13. f3 N6d7 14. Bxe7 Qxe7 15. e4 Nf6 16. e5 Nh5 17. f4 g6 18. g4 Ng7 19. f5 exf5 20. gxf5 gxf5 21. Bxf5 Nxf5 22. Qxf5 Ne6 23. Kh1 Kh8 24. Ne2 Rf8 25. Qh3 Rae8 26. Qh6 Qg7 27. Rxf8+ Qxf8 28. Qh5 Re7 29. Rg1 Rg7 30. Rxg7 Nxg7 31. Qh3 Qf5 32. Qe3 Ne6 33. Kg2 Qg4+ 34. Kf2 Qh4+ 35. Qg3 Qe4 36. Qf3 Qh4+ 37. Kg2 Qg5+ 38. Kf2 Qe7 39. Ng1 c5 40. Ne2 1/2-1/2

[Event "VIII Iberoamericano Mexico 2022"]
[Site "Mexico City"]
[Date "2022.02.17"]
[Round "6.49"]
[White "Ocampo, Cristina"]
[Black "Santiago Gonzalez, Frida"]
[Result "1-0"]
[ECO "B09"]
[WhiteElo "2024"]
[BlackElo "1758"]
[Annotator "NA"]
[PlyCount "73"]
[EventDate "2022.02.12"]
[EventType "swiss"]
[EventCountry "MEX"]
[SourceTitle "playchess.com"]
[Source "ChessBase"]
[SourceQuality "1"]
[TimeControl "5400+30"]

1. e4 g6 2. d4 Bg7 3. Nc3 d6 4. f4 Nf6 5. Bd3 O-O 6. Nf3 c5 7. dxc5 dxc5 8. e5 Nd5 9. Nxd5 Qxd5 10. Qe2 Bg4 11. Be4 Qd7 12. Be3 Na6 13. O-O Rad8 14. c3 Qc8 15. Rad1 b6 16. Qf2 Nc7 17. Qh4 Bxf3 18. Bxf3 e6 19. c4 f6 20. Rxd8 Qxd8 21. Rd1 Qe8 22. Rd6 Qa4 23. f5 Qxa2 24. Bh6 g5 25. Qh5 Bxh6 26. Qxh6 Qb1+ 27. Rd1 Qxf5 28. Rd7 Qb1+ 29. Kf2 Ne8 30. exf6 Qxb2+ 31. Kg3 Qe5+ 32. Kh3 g4+ 33. Bxg4 Qe4 34. f7+ Rxf7 35. Bxe6 Kh8 36. Rxf7 Kg8 37. Rf3+ 1-0

[Event "VIII Iberoamericano Mexico 2022"]
[Site "Mexico City"]
[Date "2022.02.17"]
[Round "6.50"]
[White "Carreras Mendiolea, Paulina Adri"]
[Black "Lopez De Nava Hernandez, Carlos"]
[Result "1/2-1/2"]
[ECO "B33"]
[WhiteElo "1745"]
[BlackElo "2023"]
[Annotator "NA"]
[PlyCount "232"]
[EventDate "2022.02.12"]
[EventType "swiss"]
[EventCountry "MEX"]
[SourceTitle "playchess.com"]
[Source "ChessBase"]
[SourceQuality "1"]
[TimeControl "5400+30"]

1. e4 c5 2. Nf3 Nc6 3. d4 cxd4 4. Nxd4 Nf6 5. Nc3 e5 6. Ndb5 d6 7. Bg5 a6 8. Na3 b5 9. Nd5 Be7 10. Bxf6 Bxf6 11. c3 Bg5 12. Nc2 O-O 13. Be2 g6 14. O-O Ne7 15. a4 Nxd5 16. Qxd5 Be6 17. Qd1 bxa4 18. Rxa4 a5 19. Bc4 Bxc4 20. Rxc4 Qb6 21. b4 Rac8 22. Qd5 axb4 23. Nxb4 Rc5 24. Qd3 Rfc8 25. Rxc5 dxc5 26. Nd5 Qa5 27. h4 Bxh4 28. Qh3 Qd8 29. Rd1 c4 30. g3 Bg5 31. Nf6+ Bxf6 32. Rxd8+ Rxd8 33. Qf1 Rd3 34. Qa1 Bg5 35. Qa5 f6 36. Qa8+ Kg7 37. Qa5 Kh6 38. Qb4 Bd2 39. Qxc4 Rxc3 40. Qe6 Bg5 41. Kg2 Rd3 42. Qf7 Rd2 43. Qf8+ Kh5 44. Kh3 Rd3 45. Qc8 Kh6 46. Qf8+ Kh5 47. Qg7 Rf3 48. Qxh7+ Bh6 49. Qd7 f5 50. exf5 gxf5 51. Qe7 Rxf2 52. Qxe5 Kg6 53. Qd6+ Kh5 54. Qd4 Rd2 55. g4+ Kg6 56. Qb6+ Kg7 57. gxf5 Rd3+ 58. Kg4 Bd2 59. Qg6+ Kf8 60. f6 Rd7 61. Kf5 Bb4 62. Ke6 Rd6+ 63. Ke5 Rd7 64. Qh6+ Kg8 65. Qg6+ Kf8 66. Qg4 Bc3+ 67. Ke6 Rc7 68. Qe4 Bxf6 69. Kxf6 Rf7+ 70. Kg6 Rg7+ 71. Kh6 Re7 72. Qd5 Re8 73. Qd6+ Kf7 74. Qd7+ Re7 75. Qf5+ Ke8 76. Qd5 Rd7 77. Qc6 Ke7 78. Kg5 Rd6 79. Qc5 Ke6 80. Kf4 Rd5 81. Qc4 Kd6 82. Ke4 Re5+ 83. Kd4 Rf5 84. Qa6+ Ke7 85. Qg6 Rf6 86. Qg7+ Ke6 87. Ke4 Rf7 88. Qg4+ Kf6 89. Qf5+ Kg7 90. Qg5+ Kf8 91. Ke5 Re7+ 92. Kf6 Rf7+ 93. Ke6 Rf1 94. Qg6 Re1+ 95. Kf6 Rf1+ 96. Ke5 Re1+ 97. Kf4 Rf1+ 98. Ke3 Rf7 99. Ke4 Rg7 100. Qf6+ Rf7 101. Qh6+ Ke8 102. Qg6 Kf8 103. Ke5 Rf1 104. Qg2 Rf7 105. Qg6 Rf1 106. Qh6+ Kg8 107. Qa6 Rf7 108. Qg6+ Kf8 109. Ke6 Rf1 110. Qh6+ Kg8 111. Qg6+ Kf8 112. Qh6+ Kg8 113. Qg6+ Kf8 114. Qh6+ Kg8 115. Qg5+ Kf8 116. Qg6 Re1+ 1/2-1/2

[Event "VIII Iberoamericano Mexico 2022"]
[Site "Mexico City"]
[Date "2022.02.17"]
[Round "6.51"]
[White "Huguet, Sergio"]
[Black "Munoz Ricardo, Wasdin Antonio"]
[Result "1-0"]
[ECO "D00"]
[WhiteElo "1977"]
[BlackElo "1745"]
[Annotator "NA"]
[PlyCount "61"]
[EventDate "2022.02.12"]
[EventType "swiss"]
[EventCountry "MEX"]
[SourceTitle "playchess.com"]
[Source "ChessBase"]
[SourceQuality "1"]
[TimeControl "5400+30"]

1. d4 d5 2. Bf4 c6 3. e3 Bf5 4. c4 Bxb1 5. Qxb1 e6 6. a3 a5 7. Nf3 Nf6 8. Bd3 Nbd7 9. O-O dxc4 10. Bxc4 Nb6 11. Bd3 Nbd5 12. Bg3 Be7 13. e4 Nb6 14. h3 g6 15. Qc1 Nh5 16. Be5 f6 17. Bh2 e5 18. g4 Ng7 19. Qe3 exd4 20. Nxd4 Bc5 21. Nxc6 Bxe3 22. Nxd8 Rxd8 23. Bb5+ Ke7 24. fxe3 h5 25. Bc7 Nd7 26. Bxd8+ Rxd8 27. Rad1 hxg4 28. Bxd7 Rxd7 29. Rxd7+ Kxd7 30. Rxf6 gxh3 31. Rf7+ 1-0

[Event "VIII Iberoamericano Mexico 2022"]
[Site "Mexico City"]
[Date "2022.02.18"]
[Round "7.10"]
[White "Henderson de La Fuente, Lance"]
[Black "Perez Garcia, Rodney Oscar"]
[Result "1-0"]
[ECO "B70"]
[WhiteElo "2494"]
[BlackElo "2331"]
[Annotator "ChessBase"]
[PlyCount "73"]
[EventDate "2022.02.12"]
[EventType "swiss"]
[EventCountry "MEX"]
[SourceTitle "playchess.com"]
[Source "ChessBase"]
[SourceQuality "1"]
[TimeControl "5400+30"]

1. e4 c5 2. Nf3 Nc6 3. d4 cxd4 4. Nxd4 Nf6 5. Nc3 d6 6. g3 g6 7. Nde2 Bg7 8. Bg2 Rb8 9. a4 O-O 10. O-O a6 11. h3 b5 12. axb5 axb5 13. Be3 b4 14. Nd5 Nd7 15. Nd4 Bb7 16. Nxc6 Bxc6 17. Bd4 e6 18. Bxg7 Kxg7 19. Qd4+ e5 20. Qd2 Bxd5 21. Qxd5 Qc7 22. Rfd1 Rb6 23. Rd2 Nc5 24. Bf1 Ne6 25. Bc4 Nd4 26. Rxd4 exd4 27. Qxd4+ Kg8 28. b3 Rc6 29. Ra7 Qb8 30. h4 Rc7 31. Ra6 Rd8 32. h5 gxh5 33. Qf6 Re8 34. Rxd6 Rxc4 35. bxc4 b3 36. Rd7 Rf8 37. Rd5 1-0

[Event "VIII Iberoamericano Mexico 2022"]
[Site "Mexico City"]
[Date "2022.02.18"]
[Round "7.11"]
[White "Avila Rodriguez, Joshua Ad"]
[Black "Rodriguez Vila, Andres"]
[Result "0-1"]
[ECO "B07"]
[WhiteElo "2182"]
[BlackElo "2461"]
[Annotator "ChessBase"]
[PlyCount "105"]
[EventDate "2022.02.12"]
[EventType "swiss"]
[EventCountry "MEX"]
[SourceTitle "playchess.com"]
[Source "ChessBase"]
[SourceQuality "1"]
[TimeControl "5400+30"]

1. e4 d6 2. d4 g6 3. Nf3 Bg7 4. c3 Nf6 5. Bd3 c5 6. O-O O-O 7. Re1 Bg4 8. Nbd2 cxd4 9. cxd4 Nc6 10. h3 Bd7 11. a3 Nh5 12. d5 Ne5 13. Nxe5 dxe5 14. Nf3 Qb6 15. Be3 Qd6 16. Qb3 f5 17. Bd2 Kh8 18. Bb4 Qb6 19. Nd2 fxe4 20. Bxe4 Qxf2+ 21. Kh1 Bh6 22. Nf1 Bb5 23. Bd3 Nf4 24. Be4 Nh5 25. Bd3 Bxd3 26. Qxd3 Qxg2+ 27. Kxg2 Nf4+ 28. Kg1 Nxd3 29. Bxe7 Nxe1 30. Rxe1 Rf7 31. Rxe5 Bf8 32. Bg5 Bc5+ 33. Be3 Bxe3+ 34. Nxe3 Rd8 35. Kg2 Kg7 36. Kg3 Rdd7 37. Nc4 b5 38. Ne3 Rde7 39. Rxe7 Rxe7 40. Kf4 g5+ 41. Kf3 Kf6 42. Ng4+ Kf5 43. Ne3+ Ke5 44. Kg4 Kf6 45. Kf3 h5 46. a4 bxa4 47. Nc4 Rc7 48. Na3 Ke5 49. d6 Rf7+ 50. Ke3 Kxd6 51. Nb5+ Kc5 52. Nc3 Kb4 53. Kd4 0-1

[Event "VIII Iberoamericano Mexico 2022"]
[Site "Mexico City"]
[Date "2022.02.18"]
[Round "7.12"]
[White "Cardoso Cardoso, Jose Gabriel"]
[Black "Noboa Silva, Kevin"]
[Result "1-0"]
[ECO "C11"]
[WhiteElo "2461"]
[BlackElo "2331"]
[Annotator "ChessBase"]
[PlyCount "83"]
[EventDate "2022.02.12"]
[EventType "swiss"]
[EventCountry "MEX"]
[SourceTitle "playchess.com"]
[Source "ChessBase"]
[SourceQuality "1"]
[TimeControl "5400+30"]

1. e4 e6 2. d4 d5 3. Nc3 Nf6 4. e5 Nfd7 5. f4 c5 6. Nf3 Nc6 7. Be3 cxd4 8. Nxd4 Bc5 9. Qd2 O-O 10. O-O-O Nxd4 11. Bxd4 a6 12. Qe3 Bxd4 13. Qxd4 b5 14. Bd3 Rb8 15. h4 b4 16. Ne2 Qc7 17. Kb1 a5 18. h5 Nc5 19. g4 Ba6 20. Rc1 Rfc8 21. Bxa6 Nxa6 22. f5 Qc4 23. Qe3 Nc5 24. h6 g6 25. Ng3 Na4 26. Ka1 Qc5 27. Qf4 Qc4 28. Qd2 Qxg4 29. Nh5 Qxf5 30. Nf6+ Kh8 31. Nd7 Nc5 32. Nxc5 Rxc5 33. Rhf1 Qxe5 34. Rce1 Qc7 35. Qd4+ e5 36. Rxe5 f6 37. Rxf6 Kg8 38. Ree6 Rxc2 39. Rxg6+ hxg6 40. Rxg6+ Kf7 41. Qf6+ Ke8 42. Qe6+ 1-0

[Event "VIII Iberoamericano Mexico 2022"]
[Site "Mexico City"]
[Date "2022.02.18"]
[Round "7.13"]
[White "Miranda Llanes, Yerisbel"]
[Black "Gonzalez Zamora, Juan Carlos"]
[Result "0-1"]
[ECO "A53"]
[WhiteElo "2261"]
[BlackElo "2544"]
[Annotator "ChessBase"]
[PlyCount "78"]
[EventDate "2022.02.12"]
[EventType "swiss"]
[EventCountry "MEX"]
[SourceTitle "playchess.com"]
[Source "ChessBase"]
[SourceQuality "1"]
[TimeControl "5400+30"]

1. d4 d6 2. c4 e5 3. Nc3 exd4 4. Qxd4 Nf6 5. e4 Nc6 6. Qd2 g6 7. Bd3 Bg7 8. Nge2 O-O 9. O-O Ne5 10. b3 Nxd3 11. Qxd3 Re8 12. Bg5 h6 13. Be3 a6 14. Rad1 b5 15. f3 bxc4 16. Qxc4 Bd7 17. Nd4 Qb8 18. Rf2 Qb7 19. Qd3 Re5 20. Nc2 d5 21. Bd4 dxe4 22. fxe4 Ng4 23. Rf4 c5 24. Bxe5 Bxe5 25. Rff1 Bxh2+ 26. Kh1 Be6 27. Nd5 Be5 28. Nce3 h5 29. Rc1 Rc8 30. Nc4 Bxd5 31. Qxd5 Qe7 32. g3 Bxg3 33. Kg2 Bc7 34. Rc3 Rd8 35. Qb7 Ne5 36. Rg3 Nxc4 37. bxc4 Rd2+ 38. Kg1 Qe5 39. Rh3 Qg5+ 0-1

[Event "VIII Iberoamericano Mexico 2022"]
[Site "Mexico City"]
[Date "2022.02.18"]
[Round "7.14"]
[White "Quesada Perez, Luis Ernesto"]
[Black "Estrada Nieto, Julian"]
[Result "1-0"]
[ECO "A29"]
[WhiteElo "2517"]
[BlackElo "2253"]
[Annotator "ChessBase"]
[PlyCount "79"]
[EventDate "2022.02.12"]
[EventType "swiss"]
[EventCountry "MEX"]
[SourceTitle "playchess.com"]
[Source "ChessBase"]
[SourceQuality "1"]
[TimeControl "5400+30"]

1. c4 e5 2. g3 Nf6 3. Bg2 d5 4. cxd5 Nxd5 5. Nc3 Nb6 6. Nf3 Nc6 7. O-O Be7 8. a3 a5 9. d3 O-O 10. Be3 Be6 11. Rc1 Nd5 12. Nxd5 Bxd5 13. Qa4 Re8 14. Rfe1 Qc8 15. Qb5 Rd8 16. Nd2 Bxg2 17. Kxg2 a4 18. Qc4 Rd7 19. Qe4 Ra5 20. Rc4 Nd4 21. Bxd4 exd4 22. Rxd4 Rxd4 23. Qxd4 Bf6 24. Qb4 Rh5 25. Nf3 c6 26. Qxa4 b5 27. Qb4 c5 28. Qxb5 Qh3+ 29. Kh1 g5 30. Rg1 g4 31. Qb8+ Kg7 32. Nh4 Be5 33. Qd8 Bf6 34. Qd7 Be5 35. Rg2 Kf6 36. Qc6+ Kg7 37. Qxc5 Rg5 38. e4 Bf6 39. Nf5+ Kg6 40. Qc8 1-0

[Event "VIII Iberoamericano Mexico 2022"]
[Site "Mexico City"]
[Date "2022.02.18"]
[Round "7.15"]
[White "Ibarra Chami, Luis Fernando"]
[Black "Tapie Amione, Pablo Adib"]
[Result "1/2-1/2"]
[ECO "B32"]
[WhiteElo "2451"]
[BlackElo "2241"]
[Annotator "ChessBase"]
[PlyCount "165"]
[EventDate "2022.02.12"]
[EventType "swiss"]
[EventCountry "MEX"]
[SourceTitle "playchess.com"]
[Source "ChessBase"]
[SourceQuality "1"]
[TimeControl "5400+30"]

1. e4 c5 2. Nf3 Nc6 3. d4 cxd4 4. Nxd4 e5 5. Nb5 d6 6. c4 Be6 7. Be2 g6 8. O-O Rc8 9. Be3 Nf6 10. N1c3 a6 11. Nd5 Nd7 12. Nbc3 Bg7 13. Qb3 Na5 14. Qb4 Nc5 15. Qb6 Qxb6 16. Nxb6 Rc6 17. Nbd5 Nd7 18. b3 f5 19. Rad1 f4 20. Bc1 Rc8 21. g3 Rf8 22. Rfe1 f3 23. Bf1 Rf7 24. h4 Nc6 25. Kh2 Nd4 26. Bh3 Bxh3 27. Kxh3 Nc5 28. Be3 Nce6 29. Rc1 Rf8 30. Nb1 Kf7 31. Na3 Nc5 32. Rcd1 Rfe8 33. Bc1 b5 34. Bb2 Nce6 35. g4 Rc5 36. Kg3 Rb8 37. Rd2 Kg8 38. Ne3 bxc4 39. Naxc4 Bf8 40. Bxd4 exd4 41. Nc2 Bh6 42. Rd3 Bf4+ 43. Kxf3 Rf8 44. Kg2 Be5 45. Rf3 Rxf3 46. Kxf3 Rc8 47. Ke2 Rf8 48. Rf1 h5 49. gxh5 Rf4 50. hxg6 Rxe4+ 51. Kd1 Rxh4 52. Re1 Rh5 53. Nb4 Nf4 54. Nxa6 Nd3 55. Re2 Rf5 56. Kd2 Nxf2 57. Nb4 Bg3 58. Nd3 d5 59. Nd6 Rf3 60. Nxf2 Bxf2 61. Re8+ Kg7 62. Ke2 Rf6 63. Re7+ Kxg6 64. Nb5 Bg1 65. Kd3 Rf3+ 66. Kd2 Be3+ 67. Kd3 Bg5+ 68. Ke2 Rh3 69. Re6+ Kf7 70. Nxd4 Rh4 71. Re5 Bf6 72. Nf3 Bxe5 73. Nxh4 Ke6 74. Kd3 Kd6 75. Nf3 Bf6 76. b4 Kc6 77. Nd4+ Kb6 78. a4 Be7 79. Kc3 Bf6 80. Kd3 Be7 81. b5 Ka5 82. Nf5 Bc5 83. Ne3 1/2-1/2

[Event "VIII Iberoamericano Mexico 2022"]
[Site "Mexico City"]
[Date "2022.02.18"]
[Round "7.16"]
[White "Santos, Jose Guilherme B Lim"]
[Black "Perez Gormaz, Matias"]
[Result "1-0"]
[ECO "B94"]
[WhiteElo "2363"]
[BlackElo "2404"]
[Annotator "NA"]
[PlyCount "74"]
[EventDate "2022.02.12"]
[EventType "swiss"]
[EventCountry "MEX"]
[SourceTitle "playchess.com"]
[Source "ChessBase"]
[SourceQuality "1"]
[TimeControl "5400+30"]

1. e4 c5 2. Nf3 d6 3. d4 cxd4 4. Nxd4 Nf6 5. Nc3 a6 6. Bg5 Nbd7 7. Bc4 Qb6 8. Qd2 Qxb2 9. Rb1 Qa3 10. O-O e6 11. Kh1 Be7 12. f4 Nc5 13. Rf3 Ncxe4 14. Nxe4 Nxe4 15. Qe1 Qc5 16. Qxe4 d5 17. Bxd5 Qxd5 18. Qxd5 exd5 19. Re3 f6 20. Rbe1 O-O 21. Rxe7 fxg5 22. fxg5 Bf5 23. Rxb7 Be4 24. Kg1 Rac8 25. Re2 Rf7 26. Rb6 a5 27. h3 Rfc7 28. Ra6 Rc4 29. Rd2 Ra4 30. c3 Rxc3 31. Rf2 h6 32. Ra8+ Kh7 33. Ne6 hxg5 34. Rf7 Kg6 35. Raf8 Kh6 36. Rxg7 Rc1+ 37. Kh2 Bd3 1-0

[Event "VIII Iberoamericano Mexico 2022"]
[Site "Mexico City"]
[Date "2022.02.18"]
[Round "7.17"]
[White "Zacarias, M Ruben D"]
[Black "Leon Valdes, Jony Wilson"]
[Result "0-1"]
[ECO "C06"]
[WhiteElo "2174"]
[BlackElo "2392"]
[Annotator "NA"]
[PlyCount "58"]
[EventDate "2022.02.12"]
[EventType "swiss"]
[EventCountry "MEX"]
[SourceTitle "playchess.com"]
[Source "ChessBase"]
[SourceQuality "1"]
[TimeControl "5400+30"]

1. e4 e6 2. d4 d5 3. Nd2 Nf6 4. e5 Nfd7 5. Bd3 c5 6. c3 Nc6 7. Ne2 cxd4 8. cxd4 f6 9. exf6 Nxf6 10. Nf3 Bd6 11. O-O Qc7 12. Bg5 O-O 13. Bh4 Bd7 14. Nc3 a6 15. Bg3 Be8 16. Re1 Bh5 17. Rxe6 Bxg3 18. hxg3 Nxd4 19. Re1 Bxf3 20. gxf3 Qb6 21. f4 Rae8 22. Rxe8 Rxe8 23. Bf1 Re1 24. Qxe1 Nf3+ 25. Kg2 Nxe1+ 26. Rxe1 Qxb2 27. Ne2 Ne4 28. f3 Nc3 29. Kg1 Qd2 0-1

[Event "VIII Iberoamericano Mexico 2022"]
[Site "Mexico City"]
[Date "2022.02.18"]
[Round "7.18"]
[White "Gemy, Jose Daniel"]
[Black "Corrales Jimenez, Zenia"]
[Result "0-1"]
[ECO "B78"]
[WhiteElo "2381"]
[BlackElo "2151"]
[Annotator "NA"]
[PlyCount "60"]
[EventDate "2022.02.12"]
[EventType "swiss"]
[EventCountry "MEX"]
[SourceTitle "playchess.com"]
[Source "ChessBase"]
[SourceQuality "1"]
[TimeControl "5400+30"]

1. e4 c5 2. Nf3 d6 3. d4 cxd4 4. Nxd4 Nf6 5. Nc3 g6 6. Be3 Bg7 7. Bc4 Nc6 8. f3 O-O 9. Qd2 Bd7 10. h4 Rc8 11. Bb3 h5 12. O-O-O Ne5 13. Bg5 Rc5 14. Kb1 Re8 15. Nd5 Nxd5 16. Bxd5 Qb6 17. Nb3 e6 18. Nxc5 Nc4 19. Qc1 Bxb2 20. Bxc4 Bxc1+ 21. Kxc1 Qxc5 22. Bb3 a5 23. a4 b5 24. axb5 a4 25. Ba2 Qa3+ 26. Kb1 Rb8 27. Bc1 Rxb5+ 28. Bb3 Qc5 29. Rd3 axb3 30. cxb3 Qc4 0-1

[Event "VIII Iberoamericano Mexico 2022"]
[Site "Mexico City"]
[Date "2022.02.18"]
[Round "7.19"]
[White "Miranda Rodriguez, Tania"]
[Black "Lopez Gonzalez, Abel Fabian"]
[Result "1/2-1/2"]
[ECO "B11"]
[WhiteElo "2174"]
[BlackElo "2379"]
[Annotator "NA"]
[PlyCount "80"]
[EventDate "2022.02.12"]
[EventType "swiss"]
[EventCountry "MEX"]
[SourceTitle "playchess.com"]
[Source "ChessBase"]
[SourceQuality "1"]
[TimeControl "5400+30"]

1. e4 c6 2. Nc3 d5 3. Nf3 Bg4 4. h3 Bxf3 5. Qxf3 e6 6. d4 dxe4 7. Qxe4 Nf6 8. Qd3 Na6 9. a3 Qb6 10. Be2 Rd8 11. O-O Rxd4 12. Qf3 Qc7 13. Be3 Rd8 14. Rad1 Rxd1 15. Rxd1 Bc5 16. Bxa6 Bxe3 17. Nb5 Bxf2+ 18. Qxf2 cxb5 19. Bxb5+ Ke7 20. Qxa7 Rd8 21. Rxd8 Kxd8 22. c4 e5 23. b4 e4 24. Qd4+ Kc8 25. c5 Qg3 26. c6 Qxa3 27. Qc5 bxc6 28. Qxc6+ Kb8 29. Qd6+ Kb7 30. Qe7+ Kb6 31. Qc5+ Kb7 32. Bc6+ Kb8 33. Qb6+ Kc8 34. Bb7+ Kd7 35. Bc6+ Ke7 36. Qc7+ Ke6 37. Qc8+ Kd6 38. Qf8+ Ke6 39. Qc8+ Kd6 40. Qf8+ Ke6 1/2-1/2

[Event "VIII Iberoamericano Mexico 2022"]
[Site "Mexico City"]
[Date "2022.02.18"]
[Round "7.20"]
[White "Veiga, Jose Francisco R P N"]
[Black "Real Pereyra, Jeronimo"]
[Result "1-0"]
[ECO "A37"]
[WhiteElo "2366"]
[BlackElo "2147"]
[Annotator "NA"]
[PlyCount "69"]
[EventDate "2022.02.12"]
[EventType "swiss"]
[EventCountry "MEX"]
[SourceTitle "playchess.com"]
[Source "ChessBase"]
[SourceQuality "1"]
[TimeControl "5400+30"]

1. Nf3 c5 2. g3 Nc6 3. Bg2 g6 4. O-O Bg7 5. c4 d6 6. Nc3 h5 7. h4 Nh6 8. a3 O-O 9. Rb1 a5 10. d3 Bd7 11. Ng5 Rb8 12. Bd2 Nf5 13. Nb5 Ncd4 14. Nxd4 Nxd4 15. e3 Nf5 16. Qe1 a4 17. Bc3 b5 18. Bxg7 Kxg7 19. Qc3+ f6 20. b4 axb3 21. Rxb3 bxc4 22. Rxb8 Qxb8 23. dxc4 Qb6 24. Bd5 Kh6 25. Ne6 Rb8 26. Ra1 Ba4 27. Be4 Bc6 28. Bxf5 gxf5 29. e4 Bxe4 30. Qe3+ Kh7 31. Qe2 Kh6 32. Nf4 Qb1+ 33. Kh2 Qxa1 34. Qxh5+ Kg7 35. Ne6+ 1-0

[Event "VIII Iberoamericano Mexico 2022"]
[Site "Mexico City"]
[Date "2022.02.18"]
[Round "7.21"]
[White "Luna Javier, Edgar Froylan"]
[Black "Garcia Guerrero, Isaac Antonio"]
[Result "1-0"]
[ECO "A46"]
[WhiteElo "2148"]
[BlackElo "2338"]
[Annotator "NA"]
[PlyCount "137"]
[EventDate "2022.02.12"]
[EventType "swiss"]
[EventCountry "MEX"]
[SourceTitle "playchess.com"]
[Source "ChessBase"]
[SourceQuality "1"]
[TimeControl "5400+30"]

1. Nf3 Nf6 2. d4 e6 3. g3 b5 4. Bg2 Bb7 5. O-O c5 6. a4 b4 7. a5 Na6 8. c3 Be7 9. dxc5 Bxc5 10. cxb4 Nxb4 11. Nc3 O-O 12. Bg5 d5 13. Ne5 Rb8 14. Bxf6 gxf6 15. Nd3 Nxd3 16. Qxd3 Qd6 17. Ra4 f5 18. Rh4 f6 19. Rd1 Rf7 20. Nb5 Qe5 21. Nd4 Rc7 22. b4 Bxd4 23. Rxd4 Bc6 24. e3 Bb5 25. Qb3 Bc4 26. Qa4 Qd6 27. Rb1 a6 28. Bf1 Bb5 29. Qa1 Qc6 30. Rdd1 Qc3 31. Qxc3 Rxc3 32. Rdc1 Rxc1 33. Rxc1 Kf7 34. Rc7+ Kg6 35. Bxb5 Rxb5 36. Rc6 Rxb4 37. Rxe6 d4 38. exd4 Rxd4 39. Kg2 f4 40. Rxa6 fxg3 41. hxg3 Ra4 42. Ra8 Ra3 43. a6 Kf5 44. Kh3 Ra2 45. a7 Ra3 46. Kh4 Ra1 47. Kh3 Ra3 48. Kg2 Ra2 49. Kf3 Ra3+ 50. Ke2 Ra2+ 51. Ke3 Ra3+ 52. Kd4 Ra5 53. Kc4 Ra2 54. Kd5 Rd2+ 55. Kc5 Ra2 56. Kd6 Ra6+ 57. Ke7 h5 58. Kf7 Ra2 59. Kg7 Ra4 60. f3 Ra6 61. Kf7 Ra3 62. g4+ hxg4 63. fxg4+ Kf4 64. Kxf6 Ra1 65. Kf7 Ra2 66. g5 Kf5 67. g6 Rc2 68. Rf8 Rc7+ 69. Ke8+ 1-0